 Dungeon Crawl Stone Soup version 0.25-a0-661-g55ea3d2053 (webtiles) character file.

Game seed: 5472230221250074288, levelgen mode: deterministic

8 DasRunzen the Ducker (level 1, 0/17 HPs)
             Began as a Demigod Gladiator on Mar 23, 2020.
             Slain by a leopard gecko (2 damage)
             ... on level 1 of the Dungeon.
             The game lasted 00:00:31 (400 turns).

DasRunzen the Ducker (Demigod Gladiator)             Turns: 400, Time: 00:00:32

Health: 0/17       AC:  4    Str: 17    XL:     1   Next: 80%
Magic:  3/3        EV: 13    Int: 12    God:
Gold:   0          SH:  0    Dex: 17    Spells: 0/0 levels left

rFire    . . .     SeeInvis .   a - +0 long sword
rCold    . . .     Gourm    .   (no shield)
rNeg     . . .     Faith    .   b - +0 leather armour
rPois    .         Spirit   .   c - +0 helmet
rElec    .         Reflect  .   (no cloak)
rCorr    .         Harm     .   (no gloves)
MR       .....                  (no boots)
Stlth    +.........             (no amulet)
HPRegen  0.05/turn              (no ring)
MPRegen  0.08/turn              (no ring)

@: no status effects
A: high mp 1
a: no special abilities


You were on level 1 of the Dungeon.
You were not hungry.

You visited 1 branch of the dungeon, and saw 1 of its levels.

Inventory:

Hand Weapons
 a - a +0 long sword (weapon)
Missiles
 d - 3 throwing nets (quivered)
Armour
 b - a +0 leather armour (worn)
 c - a +0 helmet (worn)
Jewellery
 g - a cursed ring of see invisible {unknown}
Scrolls
 e - a scroll of remove curse {unknown}
Comestibles
 f - a ration


   Skills:
 + Level 1.9 Fighting
 + Level 2.8 Long Blades
 - Level 1.7 Throwing
 + Level 0.4 Armour
 + Level 2.8 Dodging
 + Level 0.3 Spellcasting


You couldn't memorise any spells.
You didn't know any spells.
Your spell library was empty.

Dungeon Overview and Level Annotations

Branches:
Dungeon (1/15)


Innate Abilities, Weirdness & Mutations

You have an increased reservoir of magic. (+10% MP)


Message History

You hit the leopard gecko.
The leopard gecko is moderately wounded.
The goblin barely misses you.
You riposte.
You hit the goblin but do no damage. The hobgoblin closely misses you.
You riposte.
You closely miss the hobgoblin.
The leopard gecko bites you but does no damage.
The goblin closely misses you.
You see here a scroll labeled PENIQOIVAU.
The goblin completely misses you.
The hobgoblin hits you but does no damage.
You miss the leopard gecko. The leopard gecko barely misses you.
The leopard gecko misses you.
You closely miss the leopard gecko. The leopard gecko barely misses you.
You riposte.
You hit the leopard gecko but do no damage.
You barely miss the leopard gecko. The leopard gecko bites you.
You closely miss the leopard gecko. The leopard gecko barely misses you.
You riposte.
You closely miss the leopard gecko. The leopard gecko bites you.
* * * LOW HITPOINT WARNING * * *
You miss the leopard gecko. The leopard gecko bites you.
You die...

########### .........#
.........# #########
.........# #.......#
.......# #.......#
#####.(...###.......#
..#...#.............#
..'.#...............#
..####..........@...#
##########....##l####
..#......#.....gg#
..#......#......##
..'......#......##
######...#.......#
#<'.(#...#.....#.#######
###..#...#.............#
.###'##'##......รท).....#


You could see a leopard gecko, a hobgoblin and a goblin.

Vanquished Creatures
  A goblin (D:1)
  A hobgoblin (D:1)
  4 bats (D:1)
  A frilled lizard (D:1)
  A kobold (D:1)
8 creatures vanquished.

Notes
Turn   | Place    | Note
-------+----------+-------------------------------------------
     0 | D:1      | DasRunzen the Demigod Gladiator began the quest for the
                  | Orb.
     0 | D:1      | Reached XP level 1. HP: 17/17 MP: 3/3
   400 | D:1      | Slain by a leopard gecko

Levels and vault maps discovered:
D:1:      minmay_arrival_widening_spiral_wide, layout_rooms, bh_walls_and_bars

Action                   || total
-------------------------++-------
Melee: Long sword        ||    22
Armor: Leather armour    ||    10
Dodge: Dodged            ||    27
       Rpst.: Long sword ||    10

Table legend:
 A = Non-vault XP
 B = Vault XP
 C = Vault XP percentage of total XP
 D = Non-vault monster count
 E = Vault monster count
 F = Vault count percentage of total count
                 A         B        C        D         E       F
            +---------+---------+-------+---------+---------+-------
      Total |      12 |       0 |   0.0 |       8 |       0 |   0.0
            +---------+---------+-------+---------+---------+-------
        D:1 |      12 |       0 |   0.0 |       8 |       0 |   0.0
            +---------+---------+-------+---------+---------+-------
